details: 'OvO really needs raiders'

« prev index next »

General information

Mini Map

Players

team 1
Random» Orcmicromachine (blue | 56 APM | 709 actions | 12:39)
Hero icon 2 Blademaster
Ability icon 1 Wind Walk
Ability icon 1 Critical Strike
Hero icon 1 Shadow Hunter
Ability icon 1 Hex

» actions
Assign group hotkey20
Basic commands1
Build / train46
Enter build submenu14
Enter hero's abilities submenu3
Remove unit from queue2
Right click429
Select / deselect147
Select group hotkey8
Use ability39
709 total
» units
Peon7
Grunt6
Troll Headhunter/Berserker8
Spirit Walker4
25 total
» upgrades
Berserker Strength1
Spirit Walker Training1
Shaman Training1
Berserker Upgrade1
4 total
» buildings
Altar of Storms1
Orc Burrow5
Barracks1
Voodoo Lounge1
Stronghold1
War Mill1
Spirit Lodge3
Fortress3
16 total
» build order
00:05 Altar of Storms
00:17 Orc Burrow
00:39 Barracks
01:33 Orc Burrow
02:50 Orc Burrow
03:27 Voodoo Lounge
04:00 Orc Burrow
04:16 Stronghold
04:38 War Mill
08:57 Spirit Lodge
09:03 Spirit Lodge
09:06 Spirit Lodge
09:39 Fortress
09:39 Fortress
10:30 Orc Burrow
» items
Healing Salve1
Lesser Clarity Potion1
2 total
team 2
OrcDNK. (orange | 138 APM | 1756 actions | 12:41)
Hero icon 2 Blademaster
Ability icon 1 Wind Walk
Ability icon 1 Critical Strike
Hero icon 3 Shadow Hunter
Ability icon 2 Healing Wave
Ability icon 1 Hex

» actions
Assign group hotkey9
Basic commands64
Build / train55
ESC pressed4
Enter build submenu12
Enter hero's abilities submenu5
Give item / drop item2
Right click921
Select / deselect179
Select group hotkey417
Use ability88
1756 total
» units
Peon7
Grunt6
Troll Headhunter/Berserker1
Raider3
Spirit Walker3
Kodo Beast1
21 total
» upgrades
Ensnare1
Berserker Strength1
Spirit Walker Training1
Armor2
Shaman Training1
6 total
» buildings
Altar of Storms1
Orc Burrow5
Voodoo Lounge1
Barracks1
Stronghold3
War Mill1
Beastiary1
Spirit Lodge1
Fortress3
17 total
» build order
00:07 Altar of Storms
00:11 Orc Burrow
00:51 Voodoo Lounge
01:35 Barracks
01:43 Orc Burrow
03:09 Stronghold
04:19 Orc Burrow
05:15 War Mill
06:10 Beastiary
06:12 Spirit Lodge
08:12 Orc Burrow
09:14 Orc Burrow
11:33 Fortress
11:33 Fortress
11:33 Fortress
» items
Healing Salve5
Lesser Clarity Potion3
Scroll of Speed1
Boots of Speed2
11 total